 Dungeon Crawl Stone Soup version 0.28.0-53-g5a82cb258f (webtiles) character file.

Game seed: 5259388082129415022

3047 Zeld the Thaumaturge (level 9, 0/45 HPs)
             Began as a Deep Elf Conjurer on June 11, 2022.
             Slain by Joseph
             ... wielding a +0 quarterstaff
              (11 damage)
             ... on level 7 of the Dungeon.
             The game lasted 00:09:28 (13467 turns).

Zeld the Thaumaturge (Deep Elf Conjurer)           Turns: 13467, Time: 00:09:29

Health: 0/45       AC:  5    Str: 10    XL:     9   Next: 56%
Magic:  16/25      EV: 14    Int: 32    God:
Gold:   96         SH:  0    Dex: 13    Spells: 17/28 levels left

rFire   . . .      SeeInvis .   a - staff of conjuration
rCold   . . .      Faith    .   (no shield)
rNeg    . . .      Spirit   .   D - +0 robe
rPois   .          Reflect  .   l - +0 helmet
rElec   .          Harm     .   (no cloak)
rCorr   +          Rampage  .   o - +0 pair of gloves
Will    +....                   F - +0 pair of boots
Stlth   +++.......              (no amulet)
HPRegen 0.15/turn               p - ring of Kolexir {Will+ rCorr Str+6 Int+4}
MPRegen 0.19/turn               (no ring)

@: no status effects
A: no striking features
a: no special abilities


You were on level 7 of the Dungeon.
You visited 2 branches of the dungeon, and saw 8 of its levels.
You also visited: Ossuary.

You collected 357 gold pieces.
You spent 261 gold pieces at shops.

Inventory:

Armour
 l - a +0 helmet (worn)
 o - a +0 pair of gloves (worn)
 D - a +0 robe (worn)
 F - a +0 pair of boots (worn)
 I - the +1 ring mail of Gallantry {rC+ Will+ rCorr}
   (You bought it in a shop on level 7 of the Dungeon)

   rC:        It protects you from cold.
   rCorr:     It protects you from acid and corrosion.
   Will:      It increases your willpower.
Magical Staves
 a - a staff of conjuration (weapon)
Jewellery
 p - the ring of Kolexir (left hand) {Will+ rCorr Str+6 Int+4}
   (You took it off a kobold on level 4 of the Dungeon)

   [ring of strength]

   Str:       It affects your strength (+6).
   Int:       It affects your intelligence (+4).
   rCorr:     It protects you from acid and corrosion.
   Will:      It increases your willpower.
 w - a ring of ice
Wands
 m - a wand of flame (20)
 r - a wand of paralysis (5)
 t - a wand of acid (11)
 y - a wand of iceblast (28)
Scrolls
 b - a scroll of enchant weapon {unknown}
 c - 2 scrolls of summoning {unknown}
 h - 4 scrolls of teleportation {unknown}
 i - 2 scrolls of amnesia {unknown}
 k - a scroll of vulnerability {unknown}
 n - 6 scrolls of identify {unknown}
 s - 2 scrolls of noise {unknown}
 x - a scroll of enchant armour {unknown}
 B - a scroll of fear {unknown}
 E - a scroll of silence {unknown}
 G - a scroll of fog {unknown}
Potions
 d - 3 potions of curing {unknown}
 e - 4 potions of attraction {unknown}
 f - 2 potions of might {unknown}
 g - 2 potions of invisibility {unknown}
 j - 4 potions of degeneration {unknown}
 q - a potion of flight {unknown}
 u - 3 potions of heal wounds {unknown}
 v - 2 potions of resistance {unknown}
 z - 2 potions of brilliance {unknown}
 A - 2 potions of mutation {unknown}
 C - 2 potions of haste {unknown}


   Skills:
 + Level 6.5 Dodging
 + Level 7.0 Stealth
 * Level 10.2 Spellcasting
 * Level 9.2 Conjurations
 - Level 2.0 Hexes
 - Level 2.0 Translocations
 * Level 3.2 Evocations


You had 17 spell levels left.
You knew the following spells:

 Your Spells              Type           Power      Damage    Failure   Level
a - Magic Dart            Conj           100%       1d8       1%          1
b - Searing Ray           Conj           100%       2d8       1%          2
c - Fulminant Prism       Conj/Hex       34%        3d16      3%          4
d - Iskenderun's Mystic   Conj/Tloc      68%        2d14      3%          4

Your spell library contained the following spells:

 Spells                   Type           Power      Damage    Failure   Level
 Dazzling Flash           Conj/Hex       100%       N/A       1%          3
 Lesser Beckoning         Tloc           29%        N/A       4%          3
 Tukima's Dance           Hex            29%        N/A       4%          3
 Anguish                  Hex/Necr       11%        N/A       21%         4
 Summon Forest            Summ/Tloc      11%        N/A       50%         5
 Yara's Violent Unravell  Hex/Tmut       11%        3d6       50%         5
 Enfeeble                 Hex            14%        N/A       100%        7


Dungeon Overview and Level Annotations

Branches:
Dungeon (7/15)             Temple (1/1) D:6         Ossuary (visited)

Altars:
Cheibriados
Dithmenos
Elyvilon
Hepliaklqana
Kikubaaqudgha
Makhleb
Nemelex Xobeh
Qazlal
Ru
Uskayaw
Vehumet
Wu Jian
Zin
The Shining One

Shops:
D:5 ?   D:7 [

Annotations:
D:7 Joseph


Message History

Casting: Iskenderun's Mystic Blast (dangerous; 3% risk of failure)
Confirm with . or Enter, or press ? or * to list all spells.
You can't see any susceptible monsters within range! (Use Z to cast anyway.) Unknown command.
Casting: Iskenderun's Mystic Blast (dangerous; 3% risk of failure)
Confirm with . or Enter, or press ? or * to list all spells.
You feel a surge of power!
You erupt in a blast of force!
The mystic blast hits the phantom!
You destroy the phantom!
You hear a shout! x2
Unknown command.
An ufetubus comes into view.
Casting: Iskenderun's Mystic Blast (dangerous; 3% risk of failure)
Confirm with . or Enter, or press ? or * to list all spells.
You feel a surge of power!
You erupt in a blast of force!
The mystic blast hits the ufetubus!
You kill the ufetubus!
Joseph, a Mercenary comes into view.
He is wielding a +0 quarterstaff.
Joseph unwields a +0 quarterstaff.
Joseph wields a +0 vorpal hunting sling.
Joseph shoots a sling bullet.
The sling bullet hits you!
Joseph is nearby!
Casting: Iskenderun's Mystic Blast (dangerous; 3% risk of failure)
Confirm with . or Enter, or press ? or * to list all spells.
You can't see any susceptible monsters within range! (Use Z to cast anyway.) Joseph is nearby!
Joseph is nearby!
Joseph unwields a +0 vorpal hunting sling.
Joseph wields a +0 quarterstaff.
Joseph hits you with a +0 quarterstaff!
* * * LOW HITPOINT WARNING * * *
Aiming: Paralyse
Press: ? - help, Shift-Dir - straight line, f - Joseph
Aim: Joseph, wielding a +0 quarterstaff, wearing a +0 ring mail and quivering sling bullets (chance to affect: 39%) Joseph resists with some effort.
Joseph closely misses you.
Unknown command.
Aiming: Paralyse
Press: ? - help, Shift-Dir - straight line, f/p - Joseph
Aim: Joseph, wielding a +0 quarterstaff, wearing a +0 ring mail and quivering sling bullets (chance to affect: 39%) Joseph resists with some effort.
Joseph hits you with a +0 quarterstaff!
You die...

## # .###. .#.
## #..#.#####
#.#.......
#.@..# #.#@##
#.#.# #.#.# #.
#@#.####. ..
#.....#. #
#..#.
###.#..##.#
#.... #.#.....
#..##
#.#..##.# #
#..##
######.....#.#
#.#...


You could see Joseph.

Vanquished Creatures
  3 ice beasts
  An orc warrior (D:6)
  A black bear (D:7)
  5 necrophages
  2 centaurs
  A phantom (D:7)
  An elf zombie (Ossuary)
  A kobold brigand (D:7)
  Blork the orc (D:4)
  3 bullfrogs
  A wyvern zombie (D:6)
  2 scorpions
  A water moccasin zombie (D:6)
  A water moccasin skeleton (D:5)
  A wight (D:7)
  A bullfrog zombie (D:6)
  A human zombie (Ossuary)
  4 centaur zombies
  2 hounds
  3 centaur skeletons
  3 gnoll shamans
  2 orc priests
  A jelly (D:4)
  4 iguanas
  An orc wizard (D:6)
  2 ogre zombies (Ossuary)
  A hound zombie (D:5)
  8 mummies
  A howler monkey zombie (D:5)
  8 adders
  20 gnolls
  A white imp (D:6)
  3 ufetubi
  6 adder zombies (Ossuary)
  2 adder skeletons (D:4)
  A worm (D:5)
  2 dart slugs
  10 orcs
  5 endoplasms
  9 giant cockroaches
  A gnoll zombie (Ossuary)
  5 goblins
  8 hobgoblins
  4 jackals
  2 quokkas
  9 ball pythons
  A bat (D:2)
  4 frilled lizards
  3 goblin zombies
  2 hobgoblin zombies (Ossuary)
  11 kobolds
  10 kobold zombies (Ossuary)
  A quokka zombie (Ossuary)
  5 rats
  2 rat zombies (Ossuary)
194 creatures vanquished.

Vanquished Creatures (others)
  An orc (D:6)
  3 fulminant prisms
  31 plants
35 creatures vanquished.

Grand Total: 229 creatures vanquished

Notes
Turn   | Place    | Note
-------+----------+-------------------------------------------
     0 | D:1      | Zeld the Deep Elf Conjurer began the quest for the Orb.
     0 | D:1      | Reached XP level 1. HP: 10/10 MP: 6/6
   627 | D:3      | Reached skill level 1 in Hexes
   689 | D:3      | Reached skill level 1 in Translocations
   689 | D:3      | Reached XP level 2. HP: 15/15 MP: 6/8
   692 | D:3      | Learned a level 2 spell: Searing Ray
  1046 | D:4      | Found a sand-covered staircase.
  1051 | D:4      | Reached XP level 3. HP: 19/19 MP: 4/9
  1094 | Ossuary  | Entered an ossuary
  2207 | Ossuary  | Reached XP level 4. HP: 23/24 MP: 6/11
  2356 | Ossuary  | Reached skill level 4 in Spellcasting
  2356 | Ossuary  | Reached skill level 5 in Conjurations
  2516 | Ossuary  | Reached XP level 5. HP: 24/28 MP: 5/13
  2647 | Ossuary  | Learned a level 4 spell: Fulminant Prism
  2652 | Ossuary  | Learned a level 4 spell: Iskenderun's Mystic Blast
  3264 | Ossuary  | Reached skill level 5 in Spellcasting
  3390 | Ossuary  | Reached XP level 6. HP: 5/32 MP: 3/15
  4684 | D:4      | Noticed Blork the orc
  4693 | D:4      | Killed Blork the orc
  4694 | D:4      | Reached skill level 6 in Spellcasting
  4694 | D:4      | Reached XP level 7. HP: 36/36 MP: 8/18
  5171 | D:4      | Got the Handbook of Displaced Beguiling
  5210 | D:4      | Identified the ring of Kolexir {Will+ rCorr Str+6 Int+4}
  5795 | D:4      | Reached skill level 7 in Spellcasting
  6177 | D:5      | Entered Level 5 of the Dungeon
  6434 | D:5      | Reached skill level 5 in Stealth
  6659 | D:5      | Found Urcha's Magic Scroll Shop.
  6692 | D:5      | Reached XP level 8. HP: 40/41 MP: 8/21
  7483 | D:6      | Reached skill level 5 in Dodging
  7722 | D:6      | Reached skill level 8 in Spellcasting
  8414 | D:6      | Found a staircase to the Ecumenical Temple.
  8426 | D:6      | Reached skill level 9 in Spellcasting
  8427 | Temple   | Entered the Ecumenical Temple
 10525 | D:2      | Reached XP level 9. HP: 45/45 MP: 8/24
 11576 | D:3      | Found a faded altar of an unknown god.
 11859 | D:6      | Reached skill level 1 in Evocations
 12476 | D:7      | Found Beanluibb's Antique Armour Boutique.
 12480 | D:7      | Bought a shimmering ring mail for 261 gold pieces
 12480 | D:7      | Identified the +1 ring mail of Gallantry {rC+ Will+ rCorr}
                  | (You bought it in a shop on level 7 of the Dungeon)
 12892 | D:7      | Reached skill level 10 in Spellcasting
 13453 | D:7      | Noticed Joseph
 13467 | D:7      | Slain by Joseph

Illustrated notes

Levels and vault maps discovered:
D:1:      kennysheep_arrival_seaside, layout_basic, serial_bayou_lagoon_b
D:2:      layout_rooms, minmay_pentomino_q2
D:3:      layout_loops_ring, shapermc_ecumenical_altar_petra,
          minmay_misc_feat_more_columns, serial_bayou_lake_a
D:4:      layout_loops_ring, nicolae_ossuary_entry_giza, minmay_starry_boxes,
          uniq_blork_the_orc
D:5:      layout_loops_ring, serial_shops, kennysheep_little_box
D:6:      minmay_evil_eye, layout_loops_ring, minmay_temple_entry_wispy
D:7:      layout_loops_ring, serial_shops, shop, st_stairs_3, grunt_decor_cap,
          uniq_joseph
Temple:   zaba_magenta_temple

Skill      XL: |  1  2  3  4  5  6  7  8  9 |
---------------+----------------------------+-----
Hexes          | 1 2 |  2.0
Translocations | 1 2 |  2.0
Spellcasting   | 4 5 6 7 9 10 | 10.2
Conjurations   | 5 6 7 8 9 |  9.2
Stealth        | 3 4 5 6 7 |  7.0
Dodging        | 3 4 5 6 |  6.5
Evocations     | 3 |  3.2

Action                   |  1- 3 |  4- 6 |  7- 9 || total
-------------------------+-------+-------+-------++-------
Melee: Unarmed           |     3 |    10 |    33 ||    46
       Staff             |       |       |     9 ||     9
 Cast: Magic Dart        |    21 |    11 |    34 ||    66
       Searing Ray       |    10 |    38 |    43 ||    91
       Fulminant Prism   |       |     2 |     1 ||     3
       Iskenderun's Myst |       |       |    98 ||    98
Evoke: Wand              |       |       |     2 ||     2
Armor: Robe              |     6 |    12 |    32 ||    50
Dodge: Dodged            |    18 |    43 |    99 ||   160
